 Dungeon Crawl Stone Soup version 0.31.0-11-ge490571c62 (webtiles) character file.

Game seed: 8362903005355225943

14 Silvore the Ruffian (level 2, -1/21 HPs)
             Began as a Gnoll Shapeshifter on Feb 11, 2024.
             Frozen to death by an endoplasm (4 damage)
             ... on level 1 of the Dungeon.
             The game lasted 00:00:49 (157 turns).

Silvore the Ruffian (Gnoll Shapeshifter)             Turns: 157, Time: 00:00:50

Health: -1/21      AC:  0    Str: 13    XL:     2   Next: 45%
Magic:  2/2        EV: 17    Int:  9    God:
Gold:   19         SH:  0    Dex: 11    Spells: 1/1 levels left

rFire   . .          .
                       - Unarmed
rCold   . . .        (shield currently unavailable)
rNeg    . . .        a - melded +0 animal skin
rPois   .            (no helmet)
rElec   .            (no cloak)
rCorr   .            (no gloves)
SInv    .            (no boots)
Will    .....        (no amulet)
Stlth   +            (no ring)
HPRegen 0.23/turn    (no ring)
MPRegen 0.08/turn

%: no passive effects
@: flux-form, glowing
A: glow, contaminating, reduced hp, fangs 1, strong nose, distributed training
a: Begin Untransformation


You were on level 1 of the Dungeon.
You were something dangerously unstable.
You visited 1 branch of the dungeon, and saw 1 of its levels.

You collected 19 gold pieces.

Inventory:

Armour
 a - a +0 animal skin (melded)
Talismans
 c - a beast talisman
 d - a flux talisman (active)
Potions
 b - a potion of lignification


   Skills:
 + Level 2.5 Fighting
 + Level 0.4 Short Blades
 + Level 0.4 Long Blades
 + Level 0.4 Axes
 + Level 0.4 Maces & Flails
 + Level 0.4 Polearms
 + Level 0.4 Staves
 + Level 0.4 Ranged Weapons
 + Level 0.4 Throwing
 + Level 0.4 Armour
 + Level 4.5 Dodging
 + Level 0.4 Stealth
 + Level 0.4 Shields
 + Level 6.5 Unarmed Combat
 + Level 0.4 Spellcasting
 + Level 0.2 Conjurations
 + Level 0.2 Hexes
 + Level 0.2 Summonings
 + Level 0.2 Necromancy
 + Level 0.2 Translocations
 + Level 0.2 Fire Magic
 + Level 0.2 Ice Magic
 + Level 0.2 Air Magic
 + Level 0.2 Earth Magic
 + Level 0.2 Alchemy
 + Level 0.5 Invocations
 + Level 0.4 Evocations
 + Level 6.4 Shapeshifting


You had one spell level left.
You didn't know any spells.
Your spell library was empty.

Dungeon Overview and Level Annotations

Branches:
Dungeon (1/15)

Altars:


Innate Abilities, Weirdness & Mutations

You are something dangerously unstable.
You glow with magical radiation, making you easy to see and hit.
Foes you strike become dangerously contaminated with magical radiation.
Your maximum health is decreased, since you lack skill for your form.
You are incapable of wielding weapons or throwing items.
You have very sharp teeth.
Your uncanny sense of smell can sniff out nearby items.
Your experience applies equally to all skills.


Message History

a +0 club; a goblin corpse The ball python closely misses you.
The ball python completely misses you.
You barely miss the ball python. The ball python bites you.
The ball python completely misses you.
You closely miss the ball python. The ball python barely misses you.
The ball python grabs you. The ball python constricts you.
A frilled lizard comes into view.
A giant cockroach comes into view.
You closely miss the ball python. The ball python closely misses you.
The ball python constricts you.
You closely miss the ball python. Your bite misses the ball python.
The ball python barely misses you. The ball python constricts you.
A quokka comes into view.
The ball python bites you. The ball python constricts you.
You hit the ball python.
You kill the ball python!
The goblin barely misses you.
You hit the giant cockroach.
The giant cockroach begins to glow.
The giant cockroach is moderately wounded.
The giant cockroach misses you. The goblin hits you with a +0 club.
You are too injured to fight recklessly!
You are too injured to fight recklessly!
You are too injured to fight recklessly!
You are too injured to fight recklessly!
You are too injured to fight recklessly!
You are too injured to fight recklessly!
You closely miss the goblin. The giant cockroach closely misses you.
The goblin barely misses you.
You barely miss the goblin. The giant cockroach bites you.
The goblin hits you with a +0 club.
* * * LOW HITPOINT WARNING * * *
You punch the goblin!
You kill the goblin!
The giant cockroach completely misses you.
The giant cockroach misses you.
Items here: )) ††.
You hit the giant cockroach.
You kill the giant cockroach!
The endoplasm freezes you.
You are frozen.
You die... #......# ###......## .#....... ....... #...... #. rrl

...# ## .##J# ...# #.
..#p# ..... ##. #.#)#
#..... ###..##.#.#
####...... #.....#.#.#
#......# .8#8.....##
##.#..[#
#$#.....$####...>#.#
#8...........)....#
..............##..).####
..................###


You could see an endoplasm, a quokka, a frilled lizard and a rat.

Vanquished Creatures
  2 ball pythons (D:1)
  An endoplasm (D:1)
  2 giant cockroaches (D:1)
  3 goblins (D:1)
  A hobgoblin (D:1)
  2 kobolds (D:1)
  A bat (D:1)
12 creatures vanquished.

Notes
Turn   | Place    | Note
-------+----------+-------------------------------------------
     0 | D:1      | Silvore the Gnoll Shapeshifter began the quest for the Orb.
     0 | D:1      | Reached XP level 1. HP: 17/17 MP: 1/1
    67 | D:1      | Reached XP level 2. HP: 12/23 MP: 2/2
   157 | D:1      | Frozen to death by an endoplasm

Illustrated notes

Levels and vault maps discovered:
D:1:      amcnicky_arrival_double_pillar, layout_rooms, nrook_mini_backslash,
          minmay_statues_item

Action                     || total
---------------------------++-------
  Melee: Unarmed           ||    30
Ability: Begin Untransform ||     1
 Armour: Skin              ||     8
  Dodge: Dodged            ||    29
   Form: Flux              ||     1
